 Dungeon Crawl Stone Soup version 0.20.0-8-g6b59dc7 (webtiles) character file.

4624 Hasart the Spear-Bearer (level 10, -2/93 HPs)
             Began as an Octopode Fighter on May 30, 2017.
             Was an Initiate of Gozag.
             Slain by a crocodile (9 damage)
             ... on level 2 of the Lair of Beasts.
             The game lasted 00:22:45 (10905 turns).

Hasart the Spear-Bearer (Octopode Fighter)         Turns: 10905, Time: 00:22:46

Health: -2/93      AC: 25    Str: 17    XL:     10   Next: 42%
Magic:  13/13      EV:  2    Int: 11    God:    Gozag
Gold:   772        SH: 14    Dex: 13    Spells: 9/12 levels left

rFire    . . .     SeeInvis +   a - +1 trident
rCold    . . .     Gourm    .   b - +0 shield
rNeg     + + +     Faith    .   (helmet currently unavailable)
rPois    +         Spirit   .   h - +4 amulet of reflection
rElec    .         Reflect  +   l - ring of wizardry
rCorr    .         Harm     .   j - ring of positive energy
MR       .....     NoTele   +   M - ring of poison resistance
Stlth    ++........             (no ring)
Regen    0.3/turn               (no ring)
MPRegen  0.2/turn               (no ring)
                                (no ring)
                                (no ring)

@: tree-form
A: almost no armour, stealthy swim, (amphibious), 8 rings, (constrict 8), see
invisible, frail 1
a: Potion Petition, Call Merchant, Bribe Branch, Renounce Religion


You were on level 2 of the Lair of Beasts.
You worshipped Gozag.
Gozag was pleased with you.
You were not hungry.
You were a tree.
You visited 3 branches of the dungeon, and saw 12 of its levels.

You collected 837 gold pieces.
You paid 65 gold pieces to Gozag.

Inventory:

Hand Weapons
 a - a +1 trident (weapon)
 z - a +0 spear of freezing
 A - the +2 hand axe "Jas Elaq" {chop, rElec rF- rC+ MR++}
   (You took it off a centaur on level 6 of the Dungeon)

   It inflicts extra damage upon your enemies.
   It makes you vulnerable to fire.
   It protects you from cold.
   It insulates you from electricity.
   It affects your resistance to hostile enchantments.
Armour
 b - a +0 shield (worn)
 L - a +1 hat (melded)
Jewellery
 e - an uncursed amulet of the gourmand
 f - an uncursed amulet of magic regeneration
 h - a +4 amulet of reflection (around neck)
 j - a ring of positive energy (right branch)
 l - a ring of wizardry (left branch)
 n - an uncursed ring of fire
 M - a ring of poison resistance (on tentacle)
Wands
 p - a wand of random effects (36/48)
 w - a wand of paralysis (10/24)
 D - a wand of clouds (4/9)
 J - a wand of acid (12/15)
 P - a wand of iceblast (10/15)
Scrolls
 g - 2 scrolls of remove curse
 i - a scroll of immolation
 o - 4 scrolls of enchant weapon
 r - 2 scrolls of fog
 s - 12 scrolls of identify
 t - 3 scrolls of blinking
 x - a scroll of recharging
 y - a scroll of amnesia
 H - a scroll of magic mapping
Potions
 c - a potion of might
 k - 2 potions of lignification
 q - a potion of flight
 u - a potion of agility
 v - 2 potions of curing
 C - a potion of heal wounds
 E - a potion of haste
Books
 m - Sif Muna's Compendium of Augmentations
   (You found it on level 6 of the Dungeon)

   Spells                             Type                      Level
   a - Infusion                       Charms                       1
 F - a book of Minor Magic

   Spells                             Type                      Level
   a - Magic Dart                     Conjuration                  1
   b - Blink                          Translocation                2
   c - Call Imp                       Summoning                    2
   d - Slow                           Hexes                        2
   e - Conjure Flame                  Conjuration/Fire             3
   f - Mephitic Cloud                 Conjuration/Poison/Air       3
 K - a book of Misfortune

   Spells                             Type                      Level
   a - Confusing Touch                Hexes                        1
   b - Confuse                        Hexes                        3
   c - Gell's Gravitas                Translocation                3
   d - Petrify                        Transmutation/Earth          4
   e - Metabolic Englaciation         Hexes/Ice                    5
   f - Yara's Violent Unravelling     Hexes/Transmutation          5
Miscellaneous
 N - a sack of spiders
Comestibles
 d - 2 bread rations
 B - 5 meat rations
 O - a royal jelly


   Skills:
 + Level 6.6 Fighting
 * Level 8.6 Polearms
 + Level 6.8 Dodging
 - Level 1.3 Stealth
 + Level 6.9 Shields
 + Level 1.5 Spellcasting
 + Level 1.9 Charms
 + Level 2.5 Translocations
 + Level 5.1 Evocations


You had 9 spell levels left.
You knew the following spells:

 Your Spells              Type           Power        Failure   Level  Hunger
a - Infusion              Chrm           #...         16%         1    ##.....
b - Blink                 Tloc           N/A          17%         2    ###....


Dungeon Overview and Level Annotations

Branches:
Dungeon (9/15)             Temple (1/1) D:6            Lair (2/6) D:8
  Swamp: Lair:2-4    Shoals: Lair:2-4     Snake: Lair:2-4    Spider: Lair:2-4
    Orc: D:9-12

Altars:
Ashenzari
Cheibriados
Dithmenos
Fedhas
Gozag
Kikubaaqudgha
Makhleb
Nemelex Xobeh
Okawaru
Qazlal
Ru
Sif Muna
Trog
Uskayaw
Xom
Yredelemnul
Zin
The Shining One

Shops:
D:7 **

Annotations:
D:7 Tovarisch's ghost, novice MiBe


Innate Abilities, Weirdness & Mutations

You cannot wear most types of armour.
You are very stealthy in the water. (Stealth+)
((You are amphibious.))
You can wear up to eight rings at the same time.
((You can use your tentacles to constrict eight enemies at once.))
((Your skin changes colour to match your surroundings (Stealth+).))
((Your rubbery body absorbs attacks. (AC +1, EV +1)))
((One of your tentacles bears a spike.))
You have supernaturally acute eyesight. (SInv)
You are frail. (-10% HP)


Message History

The crocodile is almost dead.
You block the crocodile's attack.
You hit the crocodile but do no damage.
The crocodile is almost dead.
You block the crocodile's attack.
You closely miss the crocodile.
The crocodile is almost dead.
The crocodile bites you but does no damage.
Your shield prevents you from hitting the crocodile.
The crocodile is almost dead.
The crocodile bites you.
* * * LOW HITPOINT WARNING * * *
You hit the crocodile but do no damage.
The crocodile is almost dead.
The crocodile bites you but does no damage.
You hit the crocodile.
The crocodile is almost dead.
The crocodile bites you!
You die...
Your body crumbles into a pile of gold.

###.## .........
....# .........
...P### .........
......###
#........
..>.....##
##........
.........#
#P......#
.........# #..#
.......### #t$#
......## ###♣.#
......### #P..##
..#....P#######..#
###.##...##.###..#
# ##
##.......#..## #
###.........# #
##..#.#.#...# ##
###....###..#....
.######...####
#####..


You could see a crocodile.

Vanquished Creatures
  A spiny frog (Lair:2)
  The ghost of Hasart the Poker, an amateur OpFi (D:4)
  Grinder (D:6)
  A wyvern (D:9)
  The ghost of MTVSty1e the Ruffian, an amateur DrTm (D:3)
  2 water moccasins (Lair:2)
  A porcupine (Lair:2)
  A sky beast (D:5)
  An ice beast (D:3)
  2 orc warriors
  An ogre (D:6)
  4 wolves (Lair:2)
  3 centaurs
  2 big kobolds
  Blork the orc (D:5)
  4 bullfrogs
  2 gnoll sergeants (D:6)
  A scorpion (D:7)
  3 killer bees (D:7)
  2 wights (D:6)
  2 howler monkeys
  4 crimson imps
  A centaur zombie (D:5)
  2 bullfrog zombies
  A gnoll shaman (D:5)
  A jelly (D:7)
  5 orc priests
  5 hounds
  7 orc wizards
  Jessica (D:2)
  Ijyb (D:4)
  3 iguanas
  6 worker ants
  6 gnolls
  A worker ant zombie (D:3)
  2 howler monkey skeletons
  9 adders
  A shadow imp (D:7)
  2 oozes
  An adder zombie (D:7)
  2 worms
  2 dart slugs (D:1)
  4 leopard geckos
  25 orcs
  6 giant cockroaches
  9 goblins
  8 hobgoblins
  12 jackals
  12 kobolds
  2 quokkas
  A ball python (D:4)
  4 bats
  2 frilled lizards
  A jackal skeleton (D:5)
  A leopard gecko skeleton (D:4)
  A quokka zombie (D:8)
  8 rats
196 creatures vanquished.

Vanquished Creatures (others)
  A centaur (D:6)
  An orc (D:4)
2 creatures vanquished.

Grand Total: 198 creatures vanquished

Notes
Turn   | Place    | Note
-------+----------+-------------------------------------------
     0 | D:1      | Hasart the Octopode Fighter began the quest for the Orb.
     0 | D:1      | Reached XP level 1. HP: 16/16 MP: 1/1
   107 | D:1      | Reached XP level 2. HP: 21/21 MP: 2/2
   662 | D:2      | Reached XP level 3. HP: 26/26 MP: 3/3
  1003 | D:2      | Found a basalt altar of Yredelemnul.
  1003 | D:2      | Noticed Jessica
  1008 | D:2      | Killed Jessica
  1008 | D:2      | Reached XP level 4. HP: 29/31 MP: 4/4
  1031 | D:2      | Reached skill level 1 in Stealth
  1240 | D:2      | Found a hide-covered altar of Uskayaw.
  1566 | D:3      | Reached skill level 3 in Polearms
  1583 | D:3      | Reached XP level 5. HP: 36/36 MP: 5/5
  1595 | D:3      | Noticed MTVSty1e's ghost (amateur DrTm)
  1647 | D:4      | Noticed Hasart's ghost (amateur OpFi)
  1849 | D:3      | Killed MTVSty1e's ghost
  1849 | D:3      | Reached XP level 6. HP: 18/43 MP: 6/6
  2073 | D:3      | Reached skill level 4 in Polearms
  2182 | D:3      | Found a glowing golden altar of the Shining One.
  2740 | D:3      | Noticed an ice beast
  2752 | D:3      | Killed an ice beast
  2752 | D:3      | Reached XP level 7. HP: 20/48 MP: 7/7
  2981 | D:5      | Entered Level 5 of the Dungeon
  3246 | D:5      | HP: 1/49 [hound (5)]
  3249 | D:5      | Reached skill level 5 in Polearms
  3680 | D:5      | Found a shimmering altar of Xom.
  3684 | D:5      | Found a shimmering altar of Xom.
  3686 | D:5      | Found a shimmering altar of Xom.
  3686 | D:5      | Found a shimmering altar of Xom.
  3686 | D:5      | Found a shimmering altar of Xom.
  3686 | D:5      | Found a shimmering altar of Xom.
  3886 | D:5      | Reached skill level 5 in Shields
  3926 | D:5      | Found a shimmering altar of Xom.
  4291 | D:5      | Reached skill level 5 in Dodging
  4609 | D:5      | Gained mutation: Your magical capacity is low. (-10% MP) [potion of mutation]
  4609 | D:5      | Gained mutation: You tend to lose your temper in combat. [potion of mutation]
  4609 | D:5      | Gained mutation: You evolve. [potion of mutation]
  4609 | D:5      | Gained mutation: You are partially covered in rugged brown scales. (AC +1, +3% HP) [potion of mutation]
  4701 | D:5      | Reached XP level 8. HP: 43/55 MP: 7/7
  5090 | D:4      | Found a shimmering altar of Xom.
  5123 | D:4      | Reached skill level 6 in Polearms
  5319 | D:4      | Killed Hasart's ghost
  5319 | D:4      | Reached skill level 5 in Fighting
  5597 | D:4      | Noticed Ijyb
  5602 | D:4      | Killed Ijyb
  5605 | D:4      | Lost mutation: You tend to lose your temper in combat. [potion of mutation]
  5605 | D:4      | Lost mutation: Your magical capacity is low. (-10% MP) [potion of mutation]
  5605 | D:4      | Lost mutation: You evolve. [potion of mutation]
  5605 | D:4      | Lost mutation: You are partially covered in rugged brown scales. (AC +1, +3% HP) [potion of mutation]
  5605 | D:4      | Gained mutation: You have supernaturally acute eyesight. (SInv) [potion of mutation]
  5605 | D:4      | Gained mutation: You are frail. (-10% HP) [potion of mutation]
  5605 | D:4      | Gained mutation: One of your tentacles bears a spike. [potion of mutation]
  5793 | D:6      | Noticed Grinder
  5801 | D:5      | Reached skill level 1 in Evocations
  6173 | D:6      | Paralysed by Grinder for 7 turns
  6176 | D:6      | Noticed Blork the orc
  6196 | D:5      | Killed Blork the orc
  6196 | D:5      | Reached XP level 9. HP: 30/54 MP: 10/10
  6339 | D:6      | Killed Grinder
  6339 | D:6      | Reached skill level 7 in Polearms
  6706 | D:6      | Found an iron altar of Okawaru.
  6972 | D:6      | Found a snail-covered altar of Cheibriados.
  7122 | D:6      | Found a stormy altar of Qazlal.
  7250 | D:6      | Found a staircase to the Ecumenical Temple.
  7303 | Temple   | Entered the Ecumenical Temple
  7323 | Temple   | Became a worshipper of Gozag Ym Sagoz the Greedy
  7641 | D:6      | Got a warped hand axe {chop}
  7642 | D:6      | Identified the cursed +2 hand axe "Jas Elaq" {chop, rElec rF- rC+ MR++} (You took it off a centaur on level 6 of the Dungeon)
  7686 | D:6      | Found a deep blue altar of Sif Muna.
  7704 | D:6      | Identified Sif Muna's Compendium of Augmentations
  8142 | D:7      | Found a shadowy altar of Dithmenos.
  8528 | D:7      | Reached skill level 8 in Polearms
  8631 | D:7      | Noticed Tovarisch's ghost (novice MiBe)
  8728 | D:7      | Found Haodext's General Store.
  8811 | D:7      | Found Befuuquf's Island Escapes.
  8948 | D:8      | Learned a level 1 spell: Infusion
  8951 | D:8      | Learned a level 2 spell: Blink
  9043 | D:8      | Reached XP level 10. HP: 48/62 MP: 13/13
  9271 | D:8      | Found a burning altar of Makhleb.
  9276 | D:8      | Reached skill level 1 in Translocations
  9471 | D:8      | Found a staircase to the Lair.
  9700 | D:9      | Found a blossoming altar of Fedhas.
  9886 | D:9      | Found a shattered altar of Ashenzari.
  9948 | D:9      | Reached skill level 1 in Charms
  9961 | D:9      | Reached skill level 1 in Spellcasting
 10411 | D:9      | Noticed a seven-headed hydra
 10411 | D:9      | Noticed a flayed ghost
 10411 | D:9      | Noticed a two-headed ogre
 10411 | D:9      | Noticed a catoblepas
 10511 | Lair:1   | Entered Level 1 of the Lair of Beasts
 10610 | Lair:1   | Noticed a black mamba
 10614 | Lair:1   | Noticed a five-headed hydra
 10665 | Lair:2   | Noticed a spiny frog
 10674 | Lair:2   | Killed a spiny frog
 10674 | Lair:2   | Reached skill level 5 in Evocations
 10905 | Lair:2   | Slain by a crocodile

Skill      XL: |  1  2  3  4  5  6  7  8  9 10 |
---------------+-------------------------------+-----
Stealth        | 1 |  1.3
Polearms       | 3 4 5 6 8 |  8.6
Dodging        | 4 5 6 |  6.8
Shields        | 4 5 6 |  6.9
Fighting       | 4 5 6 |  6.6
Evocations     | 2 4 5 |  5.1
Translocations | 2 |  2.5
Charms         | 1 |  1.9
Spellcasting   | 1 |  1.5

Action                   |  1- 3 |  4- 6 |  7- 9 | 10-12 || total
-------------------------+-------+-------+-------+-------++-------
Melee: Trident           |    53 |   118 |   356 |    99 ||   626
       Constrict         |    14 |    23 |    68 |    17 ||   122
       Tentacles         |     7 |    27 |    81 |    23 ||   138
       Kick              |       |       |    66 |    36 ||   102
Evoke: Wand              |       |       |       |     2 ||     2
  Use: Potion            |       |       |    13 |     2 ||    15
       Scroll            |       |       |     9 |     3 ||    12
 Stab: Sleeping          |     1 |     8 |     4 |     4 ||    17
       Distracted        |       |     1 |     3 |     1 ||     5
       Paralysed         |       |       |       |     2 ||     2
  Eat: Chunk             |     5 |    10 |     8 |       ||    23
       Fruit             |       |       |     4 |     1 ||     5
       Royal jelly       |       |       |     1 |     1 ||     2
       Bread ration      |       |       |       |     1 ||     1
Armor: Skin              |     3 |     4 |    13 |     5 ||    25
Dodge: Dodged            |    19 |    47 |   118 |    28 ||   212
Block: Shield            |    18 |    47 |   199 |    64 ||   328
       Reflection        |       |       |    22 |     1 ||    23
